 Dungeon Crawl Stone Soup version 0.25-a0-518-g7669666 (webtiles) character file.

Game seed: 10878935242604064118, levelgen mode: deterministic

25 15 the Shooter (level 2, 0/24 HPs)
             Began as a Centaur Hunter on Feb 17, 2020.
             Succumbed to an adder's poison
             ... on level 2 of the Dungeon.
             The game lasted 00:03:06 (779 turns).

15 the Shooter (Centaur Hunter)                      Turns: 779, Time: 00:03:07

Health: 0/24       AC:  5    Str: 14    XL:     2   Next: 86%
Magic:  2/2        EV:  9    Int: 10    God:
Gold:   92         SH:  0    Dex:  9    Spells: 2/2 levels left

rFire    . . .     SeeInvis .   n - -2 flail (curse)
rCold    . . .     Gourm    .   (no shield)
rNeg     . . .     Faith    .   c - +0 leather armour
rPois    .         Spirit   .   (no helmet)
rElec    .         Reflect  .   h - +0 cloak
rCorr    .         Harm     .   (no gloves)
MR       .....                  (no barding)
Stlth    +.........             (no amulet)
HPRegen  0.08/turn              (no ring)
MPRegen  0.08/turn              (no ring)

@: lethally poisoned (0 -> -11), very quick
A: large, hooves 3, deformed body, speed 2, tough skin 3
a: no special abilities


You were on level 2 of the Dungeon.
You were not hungry.

You visited 1 branch of the dungeon, and saw 2 of its levels.

You collected 92 gold pieces.

Inventory:

Hand Weapons
 a - a +1 shortbow
 b - a +0 short sword
 e - a +0 club
 g - a +2 whip of draining
 n - a cursed -2 flail (weapon)
Missiles
 d - 16 arrows
Armour
 c - a +0 leather armour (worn)
 h - a +0 cloak (worn)
Potions
 i - 2 potions of brilliance
 o - a potion of might {unknown}
Comestibles
 f - 4 rations


   Skills:
 * Level 2.0 Fighting
 * Level 0.3 Short Blades
 * Level 6.1 Bows
 * Level 1.4 Dodging
 + Level 0.4 Stealth
 * Level 0.5 Spellcasting


You had 2 spell levels left.
You didn't know any spells.
Your spell library was empty.

Dungeon Overview and Level Annotations

Branches:
Dungeon (2/15)

Altars:


Innate Abilities, Weirdness & Mutations

You have hooves in place of feet.
Armour fits poorly on your strangely shaped body.
You cover ground very quickly.
You have extremely tough skin. (AC +3)


Message History

The adder is moderately wounded.
You feel sick.
The adder bites you but does no damage. x2
You completely miss the adder.
The adder is moderately wounded.
You feel sick. The adder bites you.
* * * LOW HITPOINT WARNING * * *
You are more poisoned.
The adder poisons you! The adder bites you but does no damage.
You hit the adder. Your kick misses the adder.
The adder is heavily wounded.
* * * LOW HITPOINT WARNING * * *
You feel sick. The adder barely misses you.
The adder bites you but does no damage.
You miss the adder. You kick the adder.
The adder is almost dead.
* * * LOW HITPOINT WARNING * * *
You feel sick. The adder barely misses you. x2
You miss the adder.
The adder is almost dead.
You die...

.......?.. .♣.......♣#
#.........## ♣$......♣.#
........#.#
##♣#♣#♣.♣.♣.####.#
.......g..........
####..#S##.##.♣♣♣.
##.#@...# ♣♣. ##.g..###
♣.. #..#.#####♣..♣♣♣
##.....##..♣ ♣..♣
..#..##.....# ♣♣P.♣#####
........##..#♣♣..♣♣#....
.####..#.....♣.♣♣♣ #....
#..........#####.<..
#.##......†##.......


You could see an adder, a hobgoblin and a goblin.

Vanquished Creatures
  2 dart slugs (D:1)
  2 giant cockroaches (D:1)
  4 goblins (D:1)
  4 hobgoblins (D:1)
  2 kobolds
  A bat (D:1)
  3 frilled lizards (D:1)
  A rat (D:2)
19 creatures vanquished.

Notes
Turn   | Place    | Note
-------+----------+-------------------------------------------
     0 | D:1      | 15 the Centaur Hunter began the quest for the Orb.
     0 | D:1      | Reached XP level 1. HP: 17/17 MP: 1/1
   113 | D:1      | Reached XP level 2. HP: 24/24 MP: 2/2
   152 | D:1      | Reached skill level 6 in Bows
   779 | D:2      | Succumbed to an adder's poison

Levels and vault maps discovered:
D:1:      minmay_arrival_loop, layout_loops_ring
D:2:      layout_rooms, lemuel_doored_altar, xom_butterflies,
          nicolae_overflow_hidden_temple, serial_forest,
          infiniplex_forest_clump_curved, infiniplex_forest_zigzag_2,
          infiniplex_forest_straight_3, infiniplex_forest_lined_corner,
          infiniplex_forest_straight_2, infiniplex_forest_lined_room_3,
          elyvilon_altar_5, uniq_terence

Skill      XL: |  1  2 |
---------------+-------+-----
Bows           | 6 |  6.1
Fighting       | |  2.0
Short Blades   | |  0.3
Dodging        | |  1.4
Stealth        | |  0.4
Spellcasting   | |  0.5

Action                   || total
-------------------------++-------
Melee: Flail             ||    16
       Kick              ||     2
 Fire: Shortbow          ||    40
  Use: Scroll            ||     5
Armor: Leather armour    ||    12
Dodge: Dodged            ||    12

Table legend:
 A = Non-vault XP
 B = Vault XP
 C = Vault XP percentage of total XP
 D = Non-vault monster count
 E = Vault monster count
 F = Vault count percentage of total count
                 A         B        C        D         E       F
            +---------+---------+-------+---------+---------+-------
      Total |      37 |       0 |   0.0 |      19 |       0 |   0.0
            +---------+---------+-------+---------+---------+-------
        D:1 |      34 |       0 |   0.0 |      17 |       0 |   0.0
        D:2 |       3 |       0 |   0.0 |       2 |       0 |   0.0
            +---------+---------+-------+---------+---------+-------
